 Dungeon Crawl Stone Soup version 0.16.0-8-gd9ae3a8 (webtiles) character file.

11170 Scytalen the Severer (level 11, -7/120 HPs)
             Began as a Minotaur Gladiator on Mar 16, 2015.
             Was an Elder of Ru.
             Mangled by a minotaur
             ... wielding a +1 scimitar of protection
              (14 damage)
             ... in a labyrinth.
             The game lasted 00:40:34 (10287 turns).

Scytalen the Severer (Minotaur Gladiator)          Turns: 10287, Time: 00:40:34

Health: -7/120     AC: 25    Str: 20    XL:     11   Next: 45%
Magic:  4/4        EV:  2    Int:  5    God:    Ru [****..]
Gold:   855        SH:  0    Dex: 19    Spells: 0 memorised, 10 levels left

rFire  . . .     SeeInvis .     K - +2 battleaxe (freeze) (curse)
rCold  + . .     Clarity  +     O - melded +0 plate armour
rNeg   + + +     SustAb   .     (no shield)
rPois  +         Gourm    .     Y - melded +2 hat
rElec  .         Spirit   .     (cloak currently unavailable)
rCorr  .         Warding  .     (gloves currently unavailable)
rMut   .         NoTele   +     q - melded +0 pair of boots (curse)
MR     .....                    s - amulet of clarity
Stlth  ..........               (no ring)
                                k - ring of protection from cold

@: agile, tree-form, no scrolls, not resistant to hostile enchantments,
extremely unstealthy
A: (retaliatory headbutt), (horns 0), inability to read while threatened, no
stealth, hated by all, inability to train dodging
a: Draw Out Power, Power Leap, Renounce Religion


You were in a labyrinth.
You worshipped Ru.
Ru was greatly pleased with you.
You were not hungry.
You were a tree.
You visited 1 branch of the dungeon, and saw 12 of its levels.
You also visited: Labyrinth, Sewer and Ossuary.

You collected 855 gold pieces.

Inventory:

Hand weapons
 K - a cursed +2 battleaxe of freezing (weapon)
Missiles
 e - 259 stones
 y - 12 tomahawks (quivered)
 Q - 6 javelins
 Z - a throwing net
Armour
 q - a cursed +0 pair of boots (melded)
 O - a +0 plate armour (melded)
 Y - a +2 hat (melded)
Jewellery
 k - a ring of protection from cold (left branch)
 s - an amulet of clarity (around neck)
Magical devices
 i - a wand of confusion (12)
 r - a wand of draining (12)
 C - a wand of disintegration (10)
 M - a wand of invisibility (0)
Scrolls
 c - a scroll of enchant weapon
 g - a scroll of magic mapping
 h - a scroll of fog
 j - 6 scrolls of amnesia
 l - 5 scrolls of remove curse
 m - 2 scrolls of recharging
 D - 2 scrolls of fear
 I - a scroll of vulnerability
 J - 4 scrolls of teleportation
 N - a scroll of holy word {unknown}
 X - 2 scrolls of enchant armour
Potions
 a - 3 potions of haste
 b - 2 potions of restore abilities
 d - 2 potions of brilliance
 p - 2 potions of flight
 u - 2 potions of magic
 v - 3 potions of invisibility
 w - 2 potions of agility
 x - a potion of cure mutation
 A - a potion of might
 F - 5 potions of curing
 G - 2 potions of berserk rage
 H - a potion of cancellation
 L - a potion of lignification
 P - 2 potions of mutation
Comestibles
 f - 10 bread rations


   Skills:
 - Level 2.4 Fighting
 + Level 17.9 Axes
 - Level 2.0 Throwing
 - Level 10.2 Armour


You had 10 spell levels left.
You didn't know any spells.

Dungeon Overview and Level Annotations

Branches:
Dungeon (12/15)            Temple (0/1) D:6            Lair (0/8) D:8
    Orc: D:9-12

Altars:
Ashenzari
Cheibriados
Dithmenos
Elyvilon
Fedhas
Gozag
Makhleb
Nemelex Xobeh
Okawaru
Qazlal
Ru
Trog
The Shining One

Shops:
D:8 =   D:9 :


Innate Abilities, Weirdness & Mutations

((You reflexively headbutt those who attack you in melee.))
((You have a pair of horns on your head.))
You cannot read scrolls while threatened.
You cannot be stealthy.
You are hated by all.
You cannot train Dodging skill.


Message History

* * * LOW HITPOINT WARNING * * *
Drink which item? (? for menu, Esc to quit)
You feel much better.
The minotaur hits you with a scimitar of protection!
* * * LOW HITPOINT WARNING * * *
The minotaur gores you but does no damage.
You hit the minotaur!
The minotaur is almost dead.
The minotaur hits you with a scimitar of protection!!
* * * LOW HITPOINT WARNING * * *
The minotaur gores you!
* * * LOW HITPOINT WARNING * * *
Quiver which item? (- for none, * to show all) (? for menu, Esc to quit)
Okay, then.
You hit the minotaur but do no damage.
The minotaur is almost dead.
You hit the minotaur but do no damage.
The minotaur is almost dead.
The minotaur hits you with a scimitar of protection!
You die...

.. ##.## ....
#... ..### ▓..
##.#.# ≈▓..
#..#.#.≈≈▓..
#..♣H..<≈▓.##
#(.#.#.≈≈▓..
#(.#.# ≈▓ ##
#..####▓▓▓. #
###......... .#
# .... ..... #
###.#######.#.
# #.. . ...#
###########.###


You could see a minotaur.

Vanquished Creatures
  Gastronok (D:9)
  A hydra (D:12)
  An unseen horror (D:10)
  An ugly thing (D:11)
  A kobold demonologist (D:11)
  A troll (D:10)
  Grinder (D:3)
  The ghost of Yermak the Cutter, an average KoSk (Ossuary)
  2 trapdoor spiders (Lab)
  3 hungry ghosts
  A hog (D:7)
  A shadow (Lab)
  3 deep elf magi
  A human (D:7)
  2 steam dragons
  Edmund (D:4)
  3 orc warriors
  A water moccasin (D:6)
  2 black bears (D:6)
  2 sky beasts
  2 ice beasts
  A phantom (D:9)
  4 necrophages (D:9)
  A centaur (D:11)
  6 ogres
  Sigmund (D:6)
  15 big kobolds (D:8)
  5 giant frogs
  5 scorpions
  8 wights (D:7)
  An electric eel (D:8)
  2 centaur zombies
  2 goliath beetles
  A giant frog zombie (D:9)
  5 hounds
  3 orc priests (D:6)
  3 centaur skeletons
  A giant frog skeleton (D:6)
  5 crimson imps
  2 jellies
  4 orc wizards
  2 iguanas
  3 sheep (D:7)
  5 worker ants
  Ijyb (D:3)
  9 mummies
  A hound skeleton (D:11)
  Terence (D:2)
  2 worker ant zombies (D:9)
  13 gnolls
  A shadow imp (D:8)
  8 adders
  2 giant mites
  8 worms
  An adder skeleton (D:3)
  6 giant geckos
  4 oozes (Sewer)
  24 orcs
  2 ball pythons
  19 bats
  A bat skeleton (D:6)
  9 giant cockroaches
  A gnoll zombie (Ossuary)
  14 hobgoblins
  14 jackals
  4 quokkas
  A giant gecko zombie (D:5)
  12 giant newts
  19 goblins
  25 kobolds
  4 kobold zombies (Ossuary)
  3 orc zombies (Ossuary)
  A quokka skeleton (D:4)
  8 rats
  2 ballistomycetes (D:7)
  3 bushes (D:9)
  4 fungi (D:8)
  3 plants (D:9)
347 creatures vanquished.

Vanquished Creatures (others)
  A scorpion (D:4)
  A worker ant (D:6)
  A giant cockroach (D:6)
  A giant newt (D:6)
  A giant spore (D:7)
5 creatures vanquished.

Grand Total: 352 creatures vanquished

Notes
Turn   | Place    | Note
--------------------------------------------------------------
     0 | D:1      | Scytalen, the Minotaur Gladiator, began the quest for the Orb.
     0 | D:1      | Reached XP level 1. HP: 18/18 MP: 1/1
    26 | D:1      | Reached skill level 4 in Axes
   222 | D:1      | Reached XP level 2. HP: 25/25 MP: 1/1
   893 | D:1      | Reached skill level 5 in Axes
   893 | D:1      | Reached XP level 3. HP: 30/30 MP: 2/2
  1006 | D:2      | Found a sparkling altar of Nemelex Xobeh.
  1059 | D:2      | Noticed Terence
  1063 | D:2      | Killed Terence
  1099 | D:2      | Reached skill level 6 in Axes
  1099 | D:2      | Reached XP level 4. HP: 30/37 MP: 2/2
  1706 | D:3      | Reached XP level 5. HP: 42/42 MP: 2/2
  1854 | D:3      | Reached skill level 7 in Axes
  1979 | D:3      | Noticed Grinder
  1982 | D:3      | Paralysed by Grinder for 4 turns
  2117 | D:4      | Noticed Edmund
  2123 | D:4      | Killed Edmund
  2123 | D:4      | Reached skill level 8 in Axes
  2123 | D:4      | Reached XP level 6. HP: 50/50 MP: 3/3
  2455 | D:4      | Found a stormy altar of Qazlal.
  2479 | D:4      | Reached skill level 9 in Axes
  2585 | D:4      | Found a snail-covered altar of Cheibriados.
  2617 | D:4      | Reached XP level 7. HP: 56/56 MP: 3/3
  2642 | D:4      | Found a sacrificial altar of Ru.
  2645 | D:4      | Became a worshipper of Ru the Awakened
  2744 | D:3      | Noticed Ijyb
  2753 | D:3      | Killed Ijyb
  2900 | D:3      | Killed Grinder
  2900 | D:3      | Reached skill level 10 in Axes
  2940 | D:5      | Entered Level 5 of the Dungeon
  3032 | D:5      | Found a sand-covered staircase.
  3039 | Ossuary  | Entered an ossuary
  3080 | Ossuary  | Reached skill level 11 in Axes
  3109 | Ossuary  | Noticed Yermak's ghost (average KoSk)
  3130 | Ossuary  | Killed Yermak's ghost
  3130 | Ossuary  | Reached XP level 8. HP: 59/62 MP: 3/3
  3462 | D:5      | Reached skill level 12 in Axes
  3520 | D:5      | Found a white marble altar of Elyvilon.
  3601 | D:5      | Found a white marble altar of Elyvilon.
  3776 | D:5      | Gained mutation: You cannot read scrolls while threatened. [Ru sacrifice]
  3776 | D:5      | Acquired Ru's first power
  3887 | D:6      | Noticed Sigmund
  3894 | D:6      | Killed Sigmund
  3933 | D:6      | Found a glowing drain.
  3982 | D:6      | Reached skill level 13 in Axes
  3992 | Sewer    | Entered a sewer
  4619 | D:6      | Found a bloodstained altar of Trog.
  4624 | D:6      | Reached XP level 9. HP: 64/68 MP: 4/4
  4680 | D:6      | Reached skill level 14 in Axes
  4702 | D:6      | Found a glowing golden altar of the Shining One.
  4864 | D:6      | Found a staircase to the Ecumenical Temple.
  5431 | D:7      | Found a shadowy altar of Dithmenos.
  5447 | D:7      | Found an opulent altar of Gozag.
  5474 | D:7      | Reached skill level 15 in Axes
  5846 | D:8      | Gained mutation: You cannot be stealthy. [Ru sacrifice]
  5846 | D:8      | Acquired Ru's second power
  6058 | D:8      | Found a shattered altar of Ashenzari.
  6198 | D:8      | Reached skill level 16 in Axes
  6291 | D:8      | Found a staircase to the Lair.
  6307 | D:8      | Identified the Disquisition on Conjuration and Changing
  6320 | D:8      | Reached skill level 1 in Armour
  6481 | D:8      | Reached XP level 10. HP: 66/74 MP: 4/4
  6492 | D:8      | Reached skill level 5 in Armour
  6572 | D:8      | Found a burning altar of Makhleb.
  6839 | D:8      | Found Pumo's Jewellery Emporium.
  7046 | D:9      | Found Braumam's Book Emporium.
  7087 | D:9      | Noticed Gastronok
  7103 | D:9      | Killed Gastronok
  7570 | D:9      | Gained mutation: You are hated by all. [Ru sacrifice]
  7570 | D:9      | Acquired Ru's third power
  7665 | D:9      | Found a blossoming altar of Fedhas.
  7668 | D:9      | Found an iron altar of Okawaru.
  7694 | D:9      | Reached skill level 10 in Armour
  7738 | D:10     | Entered Level 10 of the Dungeon
  8483 | D:10     | Killed an unseen horror
  8483 | D:10     | Reached XP level 11. HP: 61/80 MP: 4/4
  9130 | D:11     | Gained mutation: You cannot train Dodging skill. [Ru sacrifice]
  9130 | D:11     | Acquired Ru's fourth power
  9167 | D:11     | Reached skill level 17 in Axes
  9539 | D:12     | Noticed a six-headed hydra
  9546 | D:12     | Killed a nine-headed hydra
  9582 | D:12     | Found a labyrinth entrance.
  9603 | Lab      | Entered a labyrinth
 10273 | Lab      | Noticed a minotaur
 10287 | Lab      | Mangled by a minotaur

Action                   |  1- 3 |  4- 6 |  7- 9 | 10-12 || total
-------------------------+-------+-------+-------+-------++-------
Melee: War axe           |    57 |   151 |   210 |       ||   418
       Battleaxe         |       |       |    80 |   220 ||   300
Throw: Throwing net      |     2 |     2 |     2 |       ||     6
       Stone             |       |     8 |    60 |       ||    68
       Tomahawk          |       |     3 |     5 |     8 ||    16
Invok: Sacrifice Words   |       |       |     1 |       ||     1
       Sacrifice Stealth |       |       |     1 |       ||     1
       Sacrifice Love    |       |       |       |     1 ||     1
       Sacrifice Nimblen |       |       |       |     1 ||     1
Evoke: Wand              |       |       |       |     1 ||     1
  Use: Scroll            |     2 |     3 |    11 |    12 ||    28
       Potion            |       |       |     7 |     6 ||    13
 Stab: Held in net/web   |       |     2 |       |       ||     2
       Invisible         |       |       |       |     2 ||     2
  Eat: Chunk             |     1 |     5 |    13 |    12 ||    31
       Bread ration      |       |       |       |     1 ||     1
